 Dungeon Crawl Stone Soup version 0.20.1-1-g8b1a95d (webtiles) character file.

162 grizmgrazm2 the Sneak (level 5, -1/35 HPs)
             Began as a Vampire Enchanter on Oct 8, 2017.
             Slain by matthes123's ghost (11 damage)
             ... on level 4 of the Dungeon.
             The game lasted 00:09:40 (4787 turns).

grizmgrazm2 the Sneak (Vampire Enchanter)           Turns: 4787, Time: 00:09:41

Health: -1/35      AC: 10    Str:  7    XL:     5   Next: 19%
Magic:  0/9        EV: 13    Int: 18    God:
Gold:   166        SH:  0    Dex: 15    Spells: 0/9 levels left

rFire    . . .     SeeInvis +   a - +1 dagger
rCold    + + .     Gourm    .   (no shield)
rNeg     + + +     Faith    .   b - +0 robe
rPois    ∞         Spirit   .   (no helmet)
rElec    .         Reflect  .   g - +2 cloak
rCorr    .         Harm     .   k - +1 pair of gloves
MR       .....                  (no boots)
Stlth    +++++.....             (no amulet)
Regen    0.0/turn               l - +3 ring of protection
MPRegen  0.2/turn               (no ring)

@: bloodless, non-regenerating
A: fangs 3, see invisible, unbreathing
a: Bat Form


You were on level 4 of the Dungeon.
You were bloodless.

You visited 1 branch of the dungeon, and saw 4 of its levels.

You collected 166 gold pieces.

Inventory:

Hand Weapons
 a - a +1 dagger (weapon)
Armour
 b - a +0 robe (worn)
 g - a +2 cloak (worn)
 k - a +1 pair of gloves (worn)
Jewellery
 l - a +3 ring of protection (left hand)
Scrolls
 e - a scroll of recharging
 m - 2 scrolls of teleportation
 n - a scroll of remove curse
Potions
 d - 10 potions of blood
 h - a potion of lignification {unknown}
 i - 2 potions of brilliance
 j - a potion of ambrosia
 o - a potion of might {unknown}
 p - a potion of haste
 q - a potion of degeneration {unknown}
Books
 c - a book of Maledictions

   Spells                             Type                      Level
   a - Corona                         Hexes                        1
   b - Ensorcelled Hibernation        Hexes/Ice                    2
   c - Confuse                        Hexes                        3
   d - Tukima's Dance                 Hexes                        3
   e - Dazzling Spray                 Conjuration/Hexes            3


   Skills:
 - Level 0.1 Fighting
 + Level 1.8 Short Blades
 + Level 2.8 Dodging
 + Level 6.1 Stealth
 + Level 2.7 Spellcasting
 + Level 5.3 Hexes
 + Level 1.8 Ice Magic


You couldn't memorise any spells.
You knew the following spells:

 Your Spells              Type           Power        Failure   Level  Hunger
a - Ensorcelled Hibernat  Hex/Ice        ###...       6%          2    ##.....
b - Confuse               Hex            ###.....     5%          3    ###....
c - Corona                Hex            ###....      1%          1    #......
d - Tukima's Dance        Hex            ###.....     5%          3    ###....


Dungeon Overview and Level Annotations

Branches:
Dungeon (4/15)
 Temple: D:4-7

Altars:

Annotations:
D:4 matthes123's ghost, amateur MiFi


Innate Abilities, Weirdness & Mutations

You do not heal naturally.
You are immune to poison.
You have razor-sharp teeth.
You have supernaturally acute eyesight. (SInv)
You can survive without breathing.


Message History

Matthes123's ghost is lightly damaged.
You barely miss matthes123's ghost.
Matthes123's ghost is lightly damaged.
Matthes123's ghost seems less confused.
Matthes123's ghost hits you!
You hit matthes123's ghost but do no damage.
You bite matthes123's ghost, but do no damage.
Matthes123's ghost is lightly damaged.
Matthes123's ghost hits you!
* * * LOW HITPOINT WARNING * * *
Casting: Confuse
Confirm with . or Enter, or press ? or * to list all spells.
Aiming: Confuse
Press: ? - help, Shift-Dir - straight line, f/p - matthes123's ghost
Aim: matthes123's ghost (chance to defeat MR: 39%) Matthes123's ghost appears confused.
You hit matthes123's ghost but do no damage.
You barely miss matthes123's ghost. Matthes123's ghost closely misses you.
You hit matthes123's ghost but do no damage.
Matthes123's ghost hits you!
You die...

##....## ##..# #....)#
##.# ###...## #.# ###..##
#.## ##..## #..# ##..##
#..## #### ##..## ##..##
...### ##..## #.$.###
.....## #W@.# ##....##
#.....# ##..# #.....#
###...## ##..# #.....#
##...## #...# #.....#
#..<.###
###...####.....##
#......###.....##.....###
#..†.................##
####.................%.##
.....#######..........##


You could see matthes123's ghost (confused).

Vanquished Creatures
  A hound (D:4)
  A worker ant (D:4)
  Robin (D:3)
  2 adders
  3 worms
  A dart slug (D:1)
  A leopard gecko (D:1)
  An orc (D:4)
  A ball python (D:2)
  5 giant cockroaches
  14 goblins
  9 hobgoblins
  3 jackals (D:4)
  8 kobolds
  2 quokkas
  4 bats
  7 frilled lizards
  2 rats
66 creatures vanquished.

Notes
Turn   | Place    | Note
-------+----------+-------------------------------------------
     0 | D:1      | grizmgrazm2 the Vampire Enchanter began the quest for the Orb.
     0 | D:1      | Reached XP level 1. HP: 13/13 MP: 3/3
   246 | D:1      | Reached XP level 2. HP: 17/19 MP: 3/5
   250 | D:1      | Learned a level 2 spell: Ensorcelled Hibernation
   489 | D:1      | Reached skill level 5 in Stealth
  1327 | D:2      | Reached XP level 3. HP: 24/24 MP: 1/6
  1657 | D:2      | Reached skill level 5 in Hexes
  2355 | D:2      | Reached skill level 1 in Ice Magic
  2536 | D:3      | Learned a level 3 spell: Confuse
  3269 | D:3      | Noticed Robin
  3388 | D:3      | Reached XP level 4. HP: 30/30 MP: 4/7
  3953 | D:3      | Killed Robin
  4351 | D:4      | Reached skill level 6 in Stealth
  4351 | D:4      | Reached XP level 5. HP: 35/35 MP: 0/8
  4356 | D:4      | Learned a level 3 spell: Tukima's Dance
  4524 | D:4      | Noticed matthes123's ghost (amateur MiFi)
  4787 | D:4      | Slain by matthes123's ghost

Skill      XL: |  1  2  3  4 |
---------------+-------------+-----
Stealth        | 5 6 |  6.1
Hexes          | 5 |  5.3
Ice Magic      | 1 |  1.8
Fighting       | |  0.1
Short Blades   | |  1.8
Dodging        | |  2.8
Spellcasting   | |  2.7

Action                   |  1- 3 |  4- 6 || total
-------------------------+-------+-------++-------
Melee: Dagger            |    66 |    46 ||   112
       Bite              |     3 |     2 ||     5
       Short sword       |    37 |       ||    37
 Cast: Corona            |     3 |       ||     3
       Ensorcelled Hiber |    40 |    24 ||    64
       Confuse           |       |     7 ||     7
 Abil: End Transformatio |       |     1 ||     1
       Bat Form          |       |     1 ||     1
  Use: Scroll            |    10 |     2 ||    12
       Potion            |     1 |     1 ||     2
 Stab: Sleeping          |    38 |    15 ||    53
       Confused          |       |     1 ||     1
Armor: Robe              |    21 |    16 ||    37
Dodge: Dodged            |    69 |    37 ||   106
